 Dungeon Sprint DCSS version 0.30-a0-596-g0af90f9a20 (webtiles) character file.

Game seed: 16128558589010780705

788 rocky1 the Geomancer (level 7, -2/44 HPs)
             Began as a Deep Elf Earth Elementalist on Jan 7, 2023.
             Was a Believer of Vehumet.
             Incinerated by a deep elf pyromancer (5 damage)
             ... with a sticky flame
             ... in the Dungeon (Sprint III: "The Ten Rune Challenge").
             The game lasted 00:02:41 (737 turns).

rocky1 the Geomancer (Deep Elf Earth Elementalist)   Turns: 737, Time: 00:02:42

Health: -2/44      AC:  3    Str:  6    XL:     7   Next: 56%
Magic:  17/23      EV: 13    Int: 24    God:    Vehumet [**....]
Gold:   33         SH:  0    Dex: 14    Spells: 23/27 levels left

rFire   . . .      SeeInvis .    p - +1 short sword (freeze)
rCold   . . .      Faith    .    (no shield)
rNeg    . . .      Spirit   .    a - +0 robe
rPois   .          Reflect  .    (no helmet)
rElec   .          Harm     .    i - +0 cloak
rCorr   .          Rampage  .    (no gloves)
Will    .....      NoTele   +    (no boots)
Stlth   +                        (no amulet)
HPRegen 0.27/turn                (no ring)
MPRegen 0.18/turn                (no ring)

@: on fire, glowing
A: clever 1
a: Renounce Religion


You were in the Dungeon.
You worshipped Vehumet.
Vehumet was pleased with you.
You visited 1 branch You collected 33 gold pieces.

Inventory:

Hand Weapons
 p - a +1 short sword of freezing (weapon)
Missiles
 h - 4 stones
Armour
 a - a +0 robe (worn)
 i - a +0 cloak (worn)
Scrolls
 g - a scroll of blinking
 k - 2 scrolls of torment {unknown}
 l - 3 scrolls of identify
Potions
 b - 4 potions of magic
 c - a potion of curing
 d - a potion of heal wounds
 e - a potion of haste
 f - a potion of berserk rage
 j - 3 potions of mutation
 m - 2 potions of flight
 o - a potion of might
Miscellaneous
 n - a phial of floods


   Skills:
 + Level 5.4 Fighting
 + Level 4.1 Dodging
 + Level 4.3 Stealth
 + Level 10.5 Spellcasting
 + Level 7.1 Conjurations
 - Level 1.1 Transmutations
 * Level 12.2 Earth Magic


You had 23 spell levels left.
You knew the following spells:

 Your Spells              Type           Power      Damage    Failure   Level
a - Sandblast             Erth           100%       2d20      1%          1
b - Stone Arrow           Conj/Erth      100%       3d13      1%          3

Your spell library contained the following spells:

 Spells                   Type           Power      Damage    Failure   Level
 Freeze                   Ice            48%        1d6       4%          1
 Passwall                 Tmut/Erth      36%        N/A       1%          2
 Petrify                  Tmut/Erth      44%        N/A       3%          4
 Sting                    Tmut/Pois      60%        1d6       4%          1
 Mephitic Cloud           Conj/Pois/Air  24%        N/A       5%          3
 Cigotuvi's Dreadful Rot  Necr/Pois/Air  24%        N/A       8%          2
 Poisonous Vapours        Pois/Air       24%        N/A       8%          2
 Olgreb's Toxic Radiance  Pois           12%        N/A       45%         4


Dungeon Overview and Level Annotations

Branches:
Dungeon (1/1)

Altars:
Cheibriados
Dithmenos
Elyvilon
Fedhas
Gozag
Hepliaklqana
Kikubaaqudgha
Makhleb
Nemelex Xobeh
Okawaru
Qazlal
Ru
Sif Muna
Trog
Uskayaw
Vehumet
Wu Jian
Xom
Yredelemnul
Zin
The Shining One
Jiyva
Lugonu


Innate Abilities, Weirdness & Mutations

Your mind is acute. (Int +4, Str/Dex -1)


Message History

You see here a +1 short sword of freezing.
p - a +1 short sword of freezing Your +1 short sword of freezing glows with a cold blue light!
p - a +1 short sword of freezing (weapon)
There is a roughly hewn altar of Beogh, spattered with blood here.
There is a hide-covered altar of Uskayaw here.
There is an open door, spattered with blood here.
You start resting.
Magic restored.
You open the door.
A deep elf pyromancer comes into view.
It is wielding a +0 long sword of holy wrath.
Found a potion of curing.
Found three altars.
Aiming: Stone Arrow (safe; 1% risk of failure)
Press: ? - help, Q - select action, (/) - cycle Shift-Dir - straight line, f - deep elf pyromancer
Aim: a deep elf pyromancer, wielding a +0 long sword of holy wrath (asleep, 100% to hit)
The stone arrow hits the deep elf pyromancer!!
The deep elf pyromancer is heavily wounded.
The deep elf pyromancer shouts!
The deep elf pyromancer gestures at you while chanting.
The sticky flame hits you.
You are covered in liquid flames!
Aiming: Stone Arrow (safe; 1% risk of failure)
Press: ? - help, Q - select action, (/) - cycle Shift-Dir - straight line, f/p - deep elf pyromancer
Aim: a deep elf pyromancer, wielding a +0 long sword of holy wrath (heavily wounded, 69% to hit)
The stone arrow hits the deep elf pyromancer!!
The deep elf pyromancer is almost dead.
You are covered in liquid flames!
The deep elf pyromancer gestures at you while chanting.
The bolt of fire hits you!!
Ouch! That really hurt!
* * * LOW HITPOINT WARNING * * *
Aiming: Stone Arrow (safe; 1% risk of failure)
Press: ? - help, Q - select action, (/) - cycle Shift-Dir - straight line, f/p - deep elf pyromancer
Aim: a deep elf pyromancer, wielding a +0 long sword of holy wrath (almost dead, 69% to hit)
The stone arrow hits the deep elf pyromancer!!
You kill the deep elf pyromancer!
Vehumet accepts your kill.
You feel your power returning.
You are covered in liquid flames!
You die...

▓▓▓▓▓▓▓ ▓▓▓ '...♣.♣
♣.############ #....♣
♣.#___#___#__# #....♣♣
♣.#)..#__.#._# #....~♣♣♣
♣.###'#'###)##
#...~~.♣.♣♣.#...@......#
#..~~~~♣.♣♣.'.⌠........#
#..~≈≈~~~♣♣.#...######'#
#.~~≈~~~....#.⌠.#__#...#
#.~≈~~~.....#...#__#...#
#.~~~.......#)###__#...#
#...........#.).#__#...+
......÷.....#___#__'...#
▓▓▓▓▓▓▓▓▓▓▓▓▓▓▓▓▓▓▓▓▓▓▓▓


There were no monsters in sight!

Vanquished Creatures
  A deep elf pyromancer (D)
  A shadow (D)
  A spatial vortex (D)
  A water elemental (D)
  A necrophage (D)
  A jelly (D)
  A wizard (D)
  A necromancer (D)
  3 humans (D)
  A kobold demonologist (D)
  A wolf (D)
  An endoplasm (D)
  3 rats (D)
17 creatures vanquished.

Notes
Turn   | Place    | Note
-------+----------+-------------------------------------------
     0 | D        | rocky1 the Deep Elf Earth Elementalist began the quest for
                  | the Orb.
     0 | D        | Reached XP level 1. HP: 10/10 MP: 6/6
     5 | D        | Reached skill level 4 in Earth Magic
    65 | D        | Noticed a wolf
    70 | D        | Killed a wolf
    71 | D        | Reached skill level 5 in Earth Magic
    71 | D        | Reached XP level 2. HP: 15/15 MP: 4/9
    87 | D        | Gained mutation: Your mind is acute. (Int +4, Str/Dex -1)
                  | [potion of mutation]
   135 | D        | Reached skill level 5 in Spellcasting
   135 | D        | Reached skill level 6 in Earth Magic
   135 | D        | Reached XP level 3. HP: 7/19 MP: 4/12
   196 | D        | Learned a level 3 spell: Stone Arrow
   204 | D        | Noticed a water elemental
   211 | D        | Killed a water elemental
   212 | D        | Reached skill level 1 in Fighting
   212 | D        | Reached skill level 7 in Earth Magic
   212 | D        | Reached XP level 4. HP: 11/26 MP: 8/14
   350 | D        | Found a radiant altar of Vehumet.
   350 | D        | Found a shimmering blue altar of Sif Muna.
   350 | D        | Found an ancient bone altar of Kikubaaqudgha.
   350 | D        | Noticed a wizard
   351 | D        | Killed a wizard
   352 | D        | Reached skill level 8 in Earth Magic
   353 | D        | Reached XP level 5. HP: 31/31 MP: 12/16
   362 | D        | Became a worshipper of Vehumet
   386 | D        | Found a basalt altar of Yredelemnul.
   386 | D        | Found a shadowy altar of Dithmenos.
   386 | D        | Found a sacrificial altar of Ru.
   389 | D        | Reached skill level 9 in Earth Magic
   422 | D        | Reached * piety under Vehumet
   422 | D        | Offered knowledge of Kiss of Death by Vehumet.
   523 | D        | Noticed a shadow
   525 | D        | Killed a shadow
   526 | D        | Reached skill level 10 in Earth Magic
   526 | D        | Reached XP level 6. HP: 28/39 MP: 12/20
   574 | D        | Found a blossoming altar of Fedhas.
   574 | D        | Found a stormy altar of Qazlal.
   574 | D        | Found a snail-covered altar of Cheibriados.
   574 | D        | Found a burning altar of Makhleb.
   574 | D        | Found a shimmering altar of Xom.
   575 | D        | Found a hazy altar of Hepliaklqana.
   575 | D        | Found an opulent altar of Gozag.
   575 | D        | Found a sparkling altar of Nemelex Xobeh.
   575 | D        | Found a corrupted altar of Lugonu.
   575 | D        | Found a viscous altar of Jiyva.
   575 | D        | Noticed a spatial vortex
   578 | D        | Killed a spatial vortex
   579 | D        | Reached skill level 11 in Earth Magic
   659 | D        | Found a hide-covered altar of Uskayaw.
   659 | D        | Found an iron altar of Okawaru.
   659 | D        | Found a bloodstained altar of Trog.
   659 | D        | Found an ornate altar of the Wu Jian Council.
   659 | D        | Noticed a human
   659 | D        | Noticed a human
   661 | D        | Killed a human
   661 | D        | Offered knowledge of Freeze by Vehumet.
   661 | D        | Reached ** piety under Vehumet
   662 | D        | Reached skill level 5 in Fighting
   662 | D        | Reached skill level 10 in Spellcasting
   662 | D        | Reached XP level 7. HP: 44/44 MP: 14/22
   663 | D        | Killed a human
   664 | D        | Reached skill level 12 in Earth Magic
   734 | D        | Found a glowing silver altar of Zin.
   734 | D        | Found a glowing golden altar of the Shining One.
   734 | D        | Found a white marble altar of Elyvilon.
   734 | D        | Noticed a deep elf pyromancer
   737 | D        | Killed a deep elf pyromancer
   737 | D        | Incinerated by a deep elf pyromancer

Illustrated notes

Levels and vault maps discovered:
D:        dungeon_sprint_mu [sprint_mu_entry_forest, sprint_mu_temple_rooms,
          sprint_mu_d1_spiders, sprint_mu_d2_genie, sprint_mu_d3_branching,
          sprint_mu_orc_legion, sprint_mu_elf_gauntlet, sprint_mu_hive_nellie,
          sprint_mu_lair_fedhas, sprint_mu_vaults_butterflies,
          sprint_mu_slime_circle, sprint_mu_swamp_cave, sprint_mu_snake_twists,
          sprint_mu_blade_basic, sprint_mu_crypt_chambers,
          sprint_mu_tomb_spiral, sprint_mu_vestibule_basic,
          sprint_mu_gehenna_hellfire, sprint_mu_dis_giant,
          sprint_mu_tartarus_statrot, sprint_mu_cocytus_islands, sprint_mu_zot1]

Skill      XL: |  1  2  3  4  5  6  7 |
---------------+----------------------+-----
Earth Magic    | 5 6 7 8 10 11 12 | 12.2
Spellcasting   | 4 5 6 7 9 10 | 10.5
Fighting       | 1 2 4 5 |  5.4
Conjurations   | 2 3 6 7 |  7.1
Dodging        | 3 4 |  4.1
Stealth        | 3 4 |  4.3
Transmutations | |  1.1

Action                   |  1- 3 |  4- 6 |  7- 9 || total
-------------------------+-------+-------+-------++-------
 Cast: Sandblast         |    17 |     7 |       ||    24
       Stone Arrow       |       |     7 |     5 ||    12
  Use: Potion            |     1 |       |       ||     1
Dodge: Dodged            |     9 |     1 |     1 ||    11

Table legend: (Time is in decaauts)
 A = Elapsed time spent in this place.
 B = Non-inter-level travel time spent in this place.
 C = Inter-level travel time spent in this place.
 D = Time resting spent in this place.
 E = Time spent auto-exploring this place.
 F = Levels seen in this place.
 G = Mean time per level.
                   A        B        C        D        E       F      G
               +--------+--------+--------+--------+--------+-----+--------+
         Total |    748 |    708 |     40 |    491 |      1 |   1 |  748.0 |
       Dungeon |    748 |    708 |     40 |    491 |      1 |   1 |  748.0 |
               +--------+--------+--------+--------+--------+-----+--------+

Top non-repeatable levels by time:
       D: 748 daAuts
